 Dungeon Crawl Stone Soup version 0.29.0-15-g675c0067aa (webtiles) character file.

Game seed: 17693121539398050407

5903 sanka the Cleaver (level 10, -5/105 HPs)
             Began as a Naga Cinder Acolyte on Sept 11, 2022.
             Was an Initiate of Ignis.
             Slain by a rakshasa
             ... wielding a +0 long sword
              (8 damage)
             ... on level 8 of the Dungeon.
             The game lasted 00:18:40 (11896 turns).

sanka the Cleaver (Naga Cinder Acolyte)            Turns: 11896, Time: 00:18:41

Health: -5/105     AC: 16    Str: 19    XL:     10   Next: 82%
Magic:  1/11       EV:  9    Int: 12    God:    Ignis [......]
Gold:   669        SH:  0    Dex: 10    Spells: 9/11 levels left

rFire   + . .      SeeInvis +   n - +9 whip of Agriha {holy, Fragile rN+++ Str+2 Int-3}
rCold   . . .      Faith    .   (no shield)
rNeg    + + +      Spirit   .   E - +3 leather armour of the Evening Star {rPois}
rPois   +          Reflect  .   (helmet restricted)
rElec   .          Harm     .   j - +0 cloak
rCorr   .          Rampage  .   h - +0 pair of gloves
Will    +....                   (no barding)
Stlth   +.........              g - amulet of the acrobat
HPRegen 0.27/turn               v - ring of flight
MPRegen 0.12/turn               i - ring of positive energy

@: fiery-armoured, flying, very slow
A: AC +3, large, see invisible, deformed body, poison resistance, slowness 2,
spit poison 1, naga tail 1, antennae 1
a: Spit Poison, Renounce Religion, Rising Flame


You were on level 8 of the Dungeon.
You worshipped Ignis.
Ignis was noncommittal.
You visited 1 branch of the dungeon, and saw 8 of its levels.
You also visited: Bailey.

You collected 669 gold pieces.


Innate Abilities, Weirdness & Mutations

Your serpentine skin is tough. (AC +3)
You have supernaturally acute eyesight. (SInv)
Armour fits poorly on your strangely shaped body.
Your system is resistant to poisons. (rPois)
You cover ground very slowly.
You can spit poison.
You have a snake-like lower body.
You have a pair of small antennae on your head.


   Skills:
 + Level 11.3 Fighting
 + Level 11.3 Axes
 - Level 1.0 Spellcasting
 - Level 5.0 Fire Magic


You had 9 spell levels left.
You knew the following spells:

 Your Spells              Type           Power      Damage    Failure   Level
y - Scorch                Fire           24%        2d6       7%          2

Your spell library contained the following spells:

 Spells                   Type           Power      Damage    Failure   Level
 Beastly Appendage        Tmut           0%         N/A       34%         1
 Wereblood                Tmut           0%         N/A       47%         2
 Gell's Gravitas          Tloc           0%         N/A       71%         3
 Lesser Beckoning         Tloc           0%         N/A       71%         3
 Spider Form              Tmut/Pois      0%         N/A       71%         3
 Teleport Other           Tloc           0%         N/A       71%         3

Inventory:

Hand Weapons
 n - the +9 whip of Agriha (weapon) {holy, Fragile rN+++ Str+2 Int-3}

   It has been blessed by the Shining One to cause great damage to the undead
   and demons.
   Str:       It affects your strength (+2).
   Int:       It affects your intelligence (-3).
   rN:        It renders you almost immune to negative energy.
   Fragile:   It will be destroyed if unequipped.
 t - a +5 dire flail of freezing
 y - a +2 battleaxe
 G - a +1 hand axe of flaming
Missiles
 a - a curare-tipped dart {=f}
 f - 20 boomerangs
 q - a throwing net {=f}
Armour
 h - a +0 pair of gloves (worn)
 j - a +0 cloak (worn)
 m - a +0 helmet
 r - a +1 plate armour of cold resistance
 A - a scarf of shadows
 E - the +3 leather armour of the Evening Star (worn) {rPois} rPois: It protects you from poison.
Jewellery
 g - an amulet of the acrobat (around neck)
 i - a ring of positive energy (right hand)
 v - a ring of flight (left hand)
Scrolls
 b - 2 scrolls of enchant weapon {unknown}
 c - 2 scrolls of butterflies
 e - 6 scrolls of teleportation {@r4}
 l - 4 scrolls of fear
 s - a scroll of torment {!r}
 x - 2 scrolls of immolation {!r}
 F - a scroll of amnesia {unknown}
Potions
 d - a potion of mutation {!q}
 k - a potion of cancellation {unknown}
 o - a potion of invisibility
 p - 2 potions of magic {unknown}
 u - a potion of heal wounds {unknown}
 w - a potion of curing {@q1}
 z - a potion of might {unknown}
 B - a potion of haste {unknown}
 C - a potion of degeneration {!q}
 D - a potion of resistance {unknown}
 H - 2 potions of brilliance {unknown}

Dungeon Overview and Level Annotations

Branches:
Dungeon (8/15)             Temple (0/1) D:5          Bailey (visited)
   Lair: D:8-11

Altars:
Fedhas
Qazlal

▒▒▒ ▒..▒ ♣♣.♣♣▒..▒
♣...♣▒.†▒▒▒
.........)▒▒▒▒▒▒▒▒▒
♣.).♣▒.▒▒.....{.... .
♣♣.♣♣▒.▒▒▒▒.▒▒▒▒▒▒▒...
▒▒▒ ▒.▒ ▒▒).<).......
▒▒▒....▒▒)R▒▒▒...
▒........N.▒
▒..........▒
▒.......▒..▒
▒.......▒..▒
........▒..▒
.▒...▒...▒..▒
▒...▒...▒... ▒▒ ▒...
▒....


You could see a rakshasa (combustible).


Message History

You kill the rakshasa!
The rakshasa shimmers and vanishes!
The rakshasa barely misses you.
The rakshasa hits you with a +0 long sword.
* * * LOW HITPOINT WARNING * * *
You whack the rakshasa!
The rakshasa convulses!
You kill the rakshasa!
The rakshasa shimmers and vanishes!
The rakshasa is no longer more vulnerable to fire.
The rakshasa hits you with a +0 long sword!
* * * LOW HITPOINT WARNING * * *
The rakshasa is burned by your cloak of flames.
The rakshasa is severely wounded.
The rakshasa hits you with a +0 long sword.
* * * LOW HITPOINT WARNING * * *
The rakshasa is burned by your cloak of flames.
The rakshasa is severely wounded.
You barely miss the rakshasa.
The rakshasa is severely wounded.
Use which ability? (? or * to list)
Okay, then.
Flames lash the rakshasa.
The rakshasa is severely wounded.
The rakshasa's fire resistance burns away.
The rakshasa barely misses you.
You barely miss the rakshasa.
The rakshasa is severely wounded.
The rakshasa hits you with a +0 long sword!
You die...

Action                   |  1- 3 |  4- 6 |  7- 9 | 10-12 || total
-------------------------+-------+-------+-------+-------++-------
Melee: Hand axe          |   114 |    30 |       |       ||   144
       Whip              |       |    64 |   169 |   118 ||   351
       Punch             |       |       |     1 |     1 ||     2
 Cast: Scorch            |     1 |    10 |    85 |    32 ||   128
Invok: Fiery Armour      |     3 |     2 |     6 |     3 ||    14
 Abil: Spit Poison       |    11 |     6 |       |       ||    17
  Use: Scroll            |       |       |     7 |       ||     7
       Potion            |       |       |     4 |       ||     4
 Stab: Sleeping          |       |       |     1 |       ||     1
Armor: Robe              |    45 |    27 |    64 |       ||   136
       Leather armour    |       |       |     7 |    48 ||    55
Dodge: Dodged            |    81 |    60 |   130 |    58 ||   329

Levels and vault maps discovered:
D:1:      dpeg_arrival_rhombi, layout_basic,
          shapermc_ecumenical_altar_mp_urbaneastern
D:2:      layout_basic, basic_altar, chequers_decorated_corner, uniq_natasha,
          uniq_robin
D:3:      layout_basic, grunt_ministairs_3
D:4:      layout_basic, nicolae_figureground_sparkle
D:5:      layout_layer_cave, kennysheep_mini, minmay_temple_entry_hall,
          uniq_blork_the_orc, uniq_prince_ribbit1
D:6:      layout_loops_ring, grunt_qazlal_clouds, hellmonk_guarded_unrand_lears
D:7:      layout_cave_pools, enter_bailey_4, uniq_duvessa, uniq_pikel,
          uniq_menkaure
D:8:      nzn_winding_woodlands_large [nzn_winding_woodlands_5x5_default,
          nzn_winding_woodlands_5x15_twine, nzn_winding_woodlands_5x5_perimeter,
          nzn_winding_woodlands_center_garden,
          nzn_winding_woodlands_15x15_thick_spiral,
          nzn_winding_woodlands_center_triple_pond,
          nzn_winding_woodlands_5x5_checkerboard,
          nzn_winding_woodlands_5x15_default,
          nzn_winding_woodlands_5x5_closed_star], layout_basic

Notes
Turn   | Place    | Note
-------+----------+-------------------------------------------
     0 | D:1      | sanka the Naga Cinder Acolyte began the quest for the Orb.
     0 | D:1      | Reached XP level 1. HP: 21/21 MP: 2/2
   343 | D:1      | Found a faded altar of an unknown god.
   634 | D:1      | Reached XP level 2. HP: 25/28 MP: 3/3
  1472 | D:1      | Reached XP level 3. HP: 34/34 MP: 4/4
  1636 | D:2      | HP: 2/36 [quokka (3)]
  1662 | D:2      | HP: 3/36 [jackal (2)]
  1987 | D:2      | Learned a level 2 spell: Scorch
  2059 | D:2      | Found a stormy altar of Qazlal.
  2090 | D:2      | Noticed Robin
  2113 | D:2      | Killed Robin
  2114 | D:2      | Reached XP level 4. HP: 33/44 MP: 5/5
  2355 | D:2      | Reached skill level 4 in Fire Magic
  2578 | D:2      | Identified the +9 whip of Agriha {holy, Fragile rN+++ Str+2
                  | Int-3}
  2773 | D:2      | Noticed Natasha
  2775 | D:2      | Killed Natasha
  2776 | D:2      | Reached XP level 5. HP: 50/50 MP: 1/6
  2967 | D:2      | Found a stormy altar of Qazlal.
  2989 | D:2      | Noticed Natasha
  2993 | D:2      | Killed Natasha
  3007 | D:2      | Noticed Natasha
  3018 | D:2      | Killed Natasha
  3019 | D:2      | Reached skill level 5 in Fire Magic
  3594 | D:3      | Noticed an ogre
  3601 | D:2      | Reached skill level 4 in Fighting
  3601 | D:2      | Reached skill level 4 in Axes
  3802 | D:3      | Reached XP level 6. HP: 47/57 MP: 7/7
  4845 | D:4      | Noticed an ice beast
  4850 | D:4      | Killed an ice beast
  4851 | D:4      | Reached skill level 5 in Fighting
  4851 | D:4      | Reached skill level 5 in Axes
  4851 | D:4      | Reached XP level 7. HP: 67/67 MP: 1/8
  5616 | D:5      | Entered Level 5 of the Dungeon
  5703 | D:5      | Noticed Blork the orc
  5717 | D:5      | Killed Blork the orc
  5732 | D:5      | Reached skill level 6 in Fighting
  5732 | D:5      | Reached skill level 6 in Axes
  6015 | D:5      | Reached XP level 8. HP: 27/76 MP: 6/9
  6258 | D:5      | Found a staircase to the Ecumenical Temple.
  7186 | D:5      | Found a blossoming altar of Fedhas.
  7221 | D:5      | Noticed Prince Ribbit
  7224 | D:5      | Killed Prince Ribbit
  7225 | D:5      | Reached skill level 7 in Fighting
  7225 | D:5      | Reached skill level 7 in Axes
  7585 | D:6      | Noticed a troll
  7647 | D:6      | Killed a troll
  7725 | D:6      | Found the +18 Lear's hauberk
  7868 | D:6      | Reached skill level 8 in Fighting
  7868 | D:6      | Reached skill level 8 in Axes
  7868 | D:6      | Reached XP level 9. HP: 46/88 MP: 2/10
  8439 | D:6      | Found a stormy altar of Qazlal.
  8867 | D:7      | Noticed Menkaure
  8879 | D:7      | Killed Menkaure
  8893 | D:6      | Reached skill level 9 in Axes
  8935 | D:7      | Noticed Duvessa
  8936 | D:7      | Noticed Dowan
  9009 | D:7      | Reached skill level 9 in Fighting
  9012 | D:7      | Identified the +3 leather armour of the Evening Star
                  | {rPois}
  9104 | D:7      | Found a flagged portal.
  9112 | D:7      | Gained mutation: You have a pair of small antennae on your
                  | head. [potion of mutation]
  9112 | D:7      | HP: 8/91 [black bear (3)]
  9179 | Bailey   | Entered a bailey
  9859 | Bailey   | Reached XP level 10. HP: 70/102 MP: 11/11
 10017 | Bailey   | Reached skill level 10 in Fighting
 10017 | Bailey   | Reached skill level 10 in Axes
 10567 | D:7      | Killed Duvessa
 10575 | D:7      | Killed Dowan
 10632 | D:7      | Noticed Pikel
 10644 | D:7      | Killed Pikel
 11578 | D:8      | Noticed a manticore
 11596 | D:8      | Noticed a centaur warrior
 11600 | D:8      | Reached skill level 11 in Fighting
 11600 | D:8      | Reached skill level 11 in Axes
 11608 | D:8      | Killed a centaur warrior
 11871 | D:8      | Noticed a rakshasa
 11893 | D:8      | HP: 6/105 [rakshasa/+0 long sword (14)]
 11893 | D:8      | HP: 2/105 [rakshasa/+0 long sword (4)]
 11896 | D:8      | Slain by a rakshasa

Vanquished Creatures
  A centaur warrior (D:8)
  Pikel (D:7)
  A tengu conjurer (D:8)
  A troll (D:6)
  Prince Ribbit (D:5)
  Menkaure (D:7)
  A water moccasin (D:6)
  Duvessa (D:7)
  2 ice beasts
  3 sky beasts
  2 black bears
  8 orc warriors
  2 ogres
  3 phantoms (D:5)
  2 centaurs (D:7)
  A lemure (D:7)
  A kobold brigand (D:8)
  2 bullfrogs
  Blork the orc (D:5)
  A necrophage (D:6)
  2 scorpions (D:6)
  9 wights
  Dowan (D:7)
  A howler monkey (D:8)
  3 hounds
  7 orc priests
  3 gnoll boudas
  2 iguanas
  An orc wizard (D:4)
  Natasha (thrice) (D:2)
  Robin (D:2)
  7 gnolls (D:7)
  8 adders
  A white imp (D:7)
  A worm (D:2)
  2 dart slugs
  28 orcs
  7 endoplasms
  A giant cockroach (D:3)
  10 hobgoblins
  4 jackals
  25 kobolds
  11 quokkas
  5 ball pythons
  8 bats
  7 frilled lizards
  18 goblins
  7 rats
219 creatures vanquished.

Vanquished Creatures (others)
  A shadow (D:8)
  A sky beast (D:8)
  A fungus (D:1)
  8 plants (D:8)
11 creatures vanquished.

Grand Total: 230 creatures vanquished
